 Dungeon Crawl Stone Soup version 0.22.1-1-ga44c0e56f4 (webtiles) character file.

92 KamiKatze the Ducker (level 4, -1/23 HPs)
             Began as a Spriggan Fighter on Nov 12, 2018.
             Killed from afar by an orc wizard (3 damage)
             ... with a puff of frost
             ... on level 3 of the Dungeon.
             The game lasted 00:07:59 (1815 turns).

KamiKatze the Ducker (Spriggan Fighter)             Turns: 1815, Time: 00:08:00

Health: -1/23      AC:  3    Str: 13    XL:     4   Next: 35%
Magic:  5/5        EV: 20    Int:  9    God:
Gold:   146        SH:  6    Dex: 15    Spells: 3/3 levels left

rFire    . . .     SeeInvis +   a - +0 rapier
rCold    + . .     Gourm    .   c - +0 buckler
rNeg     . . .     Faith    .   b - +0 robe
rPois    .         Spirit   .   (helmet restricted)
rElec    .         Reflect  .   i - +0 cloak
rCorr    .         Harm     .   (gloves unavailable)
MR       .....                  (boots unavailable)
Stlth    ++........             (no amulet)
HPRegen  0.07/turn              q - ring of protection from cold
MPRegen  0.09/turn              (no ring)

@: very quick
A: very small, unfitting armour, see invisible, herbivore, speed 3, slow
metabolism 2
a: no special abilities


You were on level 3 of the Dungeon.
You were not hungry.

You visited 1 branch of the dungeon, and saw 3 of its levels.

You collected 146 gold pieces.

Inventory:

Hand Weapons
 a - a +0 rapier (weapon)
 r - a cursed -1 short sword
Missiles
 n - 32 stones (quivered)
Armour
 b - a +0 robe (worn)
 c - a +0 buckler (worn)
 i - a +0 cloak (worn)
Jewellery
 q - a ring of protection from cold (left hand)
Scrolls
 h - a scroll of enchant armour {unknown}
 l - a scroll of remove curse {unknown}
 o - a scroll of teleportation {unknown}
 s - a scroll of fog {unknown}
 t - a scroll of enchant weapon {unknown}
 u - a scroll of amnesia {unknown}
 w - 2 scrolls of magic mapping {unknown}
Potions
 d - a potion of might
 g - a potion of berserk rage {unknown}
 j - a potion of invisibility {unknown}
 k - a potion of heal wounds {unknown}
 m - 3 potions of degeneration {unknown}
 p - 2 potions of lignification {unknown}
 v - 2 potions of mutation {unknown}
Comestibles
 f - 7 rations


   Skills:
 + Level 2.9 Fighting
 * Level 3.1 Short Blades
 + Level 5.1 Dodging
 * Level 2.1 Stealth
 + Level 2.6 Shields


You had 3 spell levels left.
You didn't know any spells.
Your spell library was empty.

Dungeon Overview and Level Annotations

Branches:
Dungeon (3/15)

Altars:

Annotations:
D:3 Sigmund


Innate Abilities, Weirdness & Mutations

You are very small and have problems with some larger weapons.
You are too small for most types of armour.
You have supernaturally acute eyesight. (SInv)
You are a herbivore.
You cover ground extremely quickly.
You need to consume almost no food.


Message History

The orc wizard is moderately wounded.
The orc wizard gestures wildly while chanting.
The orc wizard blinks!
The orc wizard barely misses you.
You hit the orc wizard but do no damage.
The orc wizard is moderately wounded.
The orc wizard hits you with an enchanted dagger.
* * * LOW HITPOINT WARNING * * *
The orc wizard misses you.
You puncture the orc wizard!
The orc wizard is almost dead.
The orc wizard mumbles some strange words.
The orc wizard flickers and vanishes for a moment.
You closely miss the orc wizard.
The orc wizard is almost dead.
You block the orc wizard's attack. The orc wizard completely misses you.
You barely miss the orc wizard.
The orc wizard is almost dead.
The orc wizard casts a spell at you. The puff of frost hits you! You resist.
You die...

#.# #.# #.#
#.########
#.######
#.........
#.<....#
#.#######.
######.#####.#
#........#
#..####### #..#
########### #..#
#oo@.......
###..###.#########
#.....o......#
#.#..###.###.#
#.#..# #.# #.# #
#..# #.# #.# #..#
#.# #.# #..# #(#
#.# #..# #.. ..#


You could see 2 orc wizards and an orc.

Vanquished Creatures
  2 adders (D:2)
  An ooze (D:2)
  A worm (D:3)
  A dart slug (D:1)
  2 leopard geckos (D:2)
  An orc (D:3)
  4 giant cockroaches
  6 goblins
  6 hobgoblins
  6 jackals (D:1)
  4 kobolds (D:2)
  A ball python (D:1)
  4 bats
  3 frilled lizards
  19 rats
61 creatures vanquished.

Notes
Turn   | Place    | Note
-------+----------+-------------------------------------------
     0 | D:1      | KamiKatze the Spriggan Fighter began the quest for the Orb.
     0 | D:1      | Reached XP level 1. HP: 11/11 MP: 2/2
    86 | D:1      | Reached XP level 2. HP: 12/16 MP: 3/3
   426 | D:1      | Reached XP level 3. HP: 17/19 MP: 4/4
   523 | D:1      | Reached skill level 5 in Dodging
   914 | D:2      | Reached skill level 1 in Stealth
  1250 | D:2      | Reached XP level 4. HP: 22/23 MP: 5/5
  1610 | D:3      | Noticed Sigmund
  1807 | D:3      | HP: 1/23 [orc wizard/enchanted dagger (3)]
  1815 | D:3      | Killed from afar by an orc wizard

Skill      XL: |  1  2  3  4 |
---------------+-------------+-----
Dodging        | 5 |  5.1
Stealth        | 1 2 |  2.1
Short Blades   | 3 |  3.1
Fighting       | |  2.9
Shields        | |  2.6

Action                   |  1- 3 |  4- 6 || total
-------------------------+-------+-------++-------
Melee: Rapier            |   183 |    41 ||   224
  Use: Potion            |     1 |     1 ||     2
 Stab: Sleeping          |     4 |     2 ||     6
       Distracted        |     1 |       ||     1
Armor: Robe              |     8 |     2 ||    10
Dodge: Dodged            |   115 |    18 ||   133
Block: Buckler           |    45 |    12 ||    57
